 Dungeon Crawl Stone Soup version 0.16.0-17-g811c1d7 (webtiles) character file.

667 Sorcv the Covert (level 7, -2/32 HPs)
             Began as a Kobold Enchanter on Mar 22, 2015.
             Was an Initiate of Ashenzari.
             Killed from afar by Natasha (12 damage)
             ... with a wand of flame
             ... on level 6 of the Dungeon.
             The game lasted 00:14:57 (2622 turns).

Sorcv the Covert (Kobold Enchanter)                 Turns: 2622, Time: 00:14:57

Health: -2/32      AC:  5    Str:  7    XL:     7   Next: 88%
Magic:  12/12      EV: 18    Int: 13    God:    Ashenzari [......]
Gold:   326        SH:  0    Dex: 20    Spells: 3 memorised, 4 levels left

rFire  . . .     SeeInvis .     w - +1 dagger (venom)
rCold  . . .     Clarity  .     b - +1 robe
rNeg   . . .     SustAb   .     (no shield)
rPois  .         Gourm    .     (no helmet)
rElec  .         Spirit   .     A - +1 cloak
rCorr  .         Warding  .     E - +0 pair of gloves (curse)
rMut   .         Rnd*Tele +     (no boots)
MR     +....                    (no amulet)
Stlth  +++++.....               n - ring of flight
                                i - +2 ring of evasion

@: somewhat resistant to hostile enchantments, quite stealthy
A: agile 1, carnivore 3, deformed body, frail 1, magic resistance 1,
teleportitis 1, MP-powered wands 1
a: Renounce Religion, Evoke Flight


You were on level 6 of the Dungeon.
You worshipped Ashenzari.
Ashenzari was noncommittal.
You were not hungry.

You visited 2 branches of the dungeon, and saw 7 of its levels.
You also visited: Sewer and Ossuary.

You collected 425 gold pieces.
You spent 99 gold pieces at shops.

Inventory:

Hand weapons
 a - a +1 dagger
 l - a +0 short sword of speed
 w - a +1 dagger of venom (weapon)
Armour
 b - a +1 robe (worn)
 v - a +0 cloak
 A - a +1 cloak (worn)
 E - a cursed +0 pair of gloves (worn)
Jewellery
 i - a +2 ring of evasion (left hand)
 n - a ring of flight (right hand)
 y - an uncursed ring of invisibility
Scrolls
 e - 2 scrolls of blinking
 f - a scroll of immolation
 g - a scroll of magic mapping
 m - a scroll of amnesia
 p - 2 scrolls of teleportation
 q - 2 scrolls of enchant weapon {unknown}
 r - a scroll of recharging {unknown}
 s - a scroll of fear {unknown}
 u - 2 scrolls of remove curse
 z - a scroll of identify
 G - a scroll of acquirement {unknown}
 I - a scroll of fog {unknown}
Potions
 h - a potion of might
 j - a potion of poison
 k - 3 potions of curing
 x - 2 potions of magic
 B - a potion of heal wounds
 C - 2 potions of brilliance
 D - 2 potions of flight
 F - 2 potions of lignification
 H - a potion of haste
Books
 c - a book of Maledictions

   Spells                             Type                      Level
   a - Corona                         Hexes                        1
   b - Sure Blade                     Hexes/Charms                 2
   c - Ensorcelled Hibernation        Hexes/Ice                    2
   d - Confuse                        Hexes                        3
   e - Dazzling Spray                 Conjuration/Hexes            3
   f - Enslavement                    Hexes                        4
 o - a book of Flames

   Spells                             Type                      Level
   a - Flame Tongue                   Conjuration/Fire             1
   b - Throw Flame                    Conjuration/Fire             2
   c - Conjure Flame                  Conjuration/Fire             3
   d - Inner Flame                    Hexes/Fire                   3
   e - Sticky Flame                   Conjuration/Fire             4
   f - Fireball                       Conjuration/Fire             5
Comestibles
 d - 5 meat rations
 t - a beef jerky


   Skills:
 - Level 1.3 Short Blades
 + Level 2.5 Dodging
 * Level 9.4 Stealth
 - Level 2.0 Spellcasting
 - Level 5.0 Hexes
 - Level 3.1 Ice Magic


You had 4 spell levels left.
You knew the following spells:

 Your Spells              Type           Power        Failure   Level  Hunger
a - Corona                Hex            ##.....      3%          1    ##.....
b - Ensorcelled Hibernat  Hex/Ice        ##....       10%         2    ###....
c - Confuse               Hex            ##......     12%         3    ####...


Dungeon Overview and Level Annotations

Branches:
Dungeon (6/15)             Temple (1/1) D:5

Altars:
Ashenzari
Cheibriados
Dithmenos
Fedhas
Makhleb
Nemelex Xobeh
Okawaru
Xom
The Shining One

Shops:
D:5 [

Annotations:
D:6 Edmund, Natasha


Innate Abilities, Weirdness & Mutations

You are small and have problems with some larger weapons.
You are carnivorous and can eat meat at any time.
You are agile. (Dex +2)
Armour fits poorly on your strangely shaped body.
You are frail (-10% HP).
You are resistant to hostile enchantments.
Space occasionally distorts in your vicinity.
You expend magic power (3 MP) to slightly strengthen your wands.


Message History

The orc is heavily wounded.
The orc completely misses you.
You hit the orc but do no damage.
The orc is heavily wounded.
The orc misses you. The orc hits you but does no damage.
The orc barely misses you.
You hit the orc but do no damage.
The orc is poisoned.
The orc is heavily wounded.
The orc misses you. The orc barely misses you.
You hit the orc.
The orc is almost dead.
The orc hits you but does no damage. x2
The orc closely misses you.
Natasha mewls in sadness.
You closely miss the orc.
The orc is almost dead.
You kill the orc!
The orc closely misses you. The orc misses you.
Natasha zaps a wand.
The puff of flame hits you!
You die...

.o........#..†.#
.....!....#..########
..$.....#...........#
....................%###
#######....##...........
#.'...))(...#....>......
...###oho##..............
#....###..............
#....@###.............
###...##......†.......
#.#......#.#.#.######
..###....##...#.# #..
#.... ##..#.. ## ......
#.....# ..##...###.#.#
.## .. #.#.# . #...#


You could see Natasha and an orc.

Vanquished Creatures
  An ice beast (D:6)
  An ogre (D:4)
  Blork the orc (D:5)
  2 hounds
  Natasha (D:6)
  3 worker ants
  A big kobold zombie (Ossuary)
  8 mummies (Ossuary)
  4 adders
  2 giant mites (D:4)
  2 river rats (Sewer)
  A worm (D:2)
  3 giant geckos
  4 orcs
  2 giant cockroaches (D:2)
  11 goblins
  8 hobgoblins
  9 kobolds
  A quokka (D:4)
  7 ball pythons
  5 bats
  9 giant newts
  A gnoll zombie (Ossuary)
  3 hobgoblin zombies (Ossuary)
  3 orc zombies (Ossuary)
  A quokka zombie (D:5)
  11 rats
105 creatures vanquished.

Notes
Turn   | Place    | Note
--------------------------------------------------------------
     0 | D:1      | Sorcv, the Kobold Enchanter, began the quest for the Orb.
     0 | D:1      | Reached XP level 1. HP: 10/10 MP: 3/3
   306 | D:1      | Reached XP level 2. HP: 12/15 MP: 4/4
   345 | D:1      | Reached skill level 5 in Stealth
   521 | D:2      | Reached XP level 3. HP: 16/19 MP: 4/6
   525 | D:2      | Learned a level 2 spell: Ensorcelled Hibernation
   529 | D:2      | Learned a level 3 spell: Confuse
   643 | D:2      | Reached skill level 6 in Stealth
   689 | D:2      | Reached XP level 4. HP: 24/24 MP: 7/7
   841 | D:3      | Reached skill level 1 in Ice Magic
   910 | D:3      | Found a glowing golden altar of the Shining One.
  1311 | D:4      | Reached XP level 5. HP: 23/28 MP: 9/9
  1322 | D:4      | Found a glowing drain.
  1330 | Sewer    | Entered a sewer
  1456 | Sewer    | Reached skill level 7 in Stealth
  1667 | D:4      | Noticed an ogre
  1676 | D:4      | Killed an ogre
  1676 | D:4      | Reached XP level 6. HP: 32/32 MP: 6/10
  1699 | D:5      | Entered Level 5 of the Dungeon
  1709 | D:5      | Found an iron altar of Okawaru.
  1737 | D:5      | Found a staircase to the Ecumenical Temple.
  1745 | Temple   | Entered the Ecumenical Temple
  1749 | Temple   | Became a worshipper of Ashenzari the Shackled
  1790 | D:5      | Found a burning altar of Makhleb.
  1800 | D:5      | Found Pidgha Rain's Antique Armour Emporium.
  1802 | D:5      | Reached skill level 8 in Stealth
  1824 | D:5      | Bought a glowing cloak for 99 gold pieces
  1901 | D:5      | Noticed Blork the orc
  1906 | D:5      | Noticed Edmund
  1917 | D:5      | Killed Blork the orc
  1917 | D:5      | Reached XP level 7. HP: 33/36 MP: 4/12
  1933 | D:5      | Found a sand-covered staircase.
  1953 | D:5      | Found a blossoming altar of Fedhas.
  1976 | Ossuary  | Entered an ossuary
  2219 | Ossuary  | Reached skill level 9 in Stealth
  2443 | D:6      | Noticed Natasha
  2451 | D:6      | Killed Natasha
  2488 | D:6      | Gained mutation: You are agile. (Dex +2) [potion of mutation]
  2488 | D:6      | Gained mutation: You are resistant to hostile enchantments. [potion of mutation]
  2488 | D:6      | Gained mutation: You are frail (-10% HP). [potion of mutation]
  2489 | D:6      | Gained mutation: Armour fits poorly on your strangely shaped body. [potion of mutation]
  2489 | D:6      | Gained mutation: Space occasionally distorts in your vicinity. [potion of mutation]
  2489 | D:6      | Gained mutation: You expend magic power (3 MP) to slightly strengthen your wands. [potion of mutation]
  2544 | D:6      | Noticed Grinder
  2567 | D:6      | Reached skill level 5 in Hexes
  2605 | D:6      | Noticed Natasha
  2622 | D:6      | Killed from afar by Natasha

Action                   |  1- 3 |  4- 6 |  7- 9 || total
-------------------------+-------+-------+-------++-------
Melee: Dagger            |    37 |   122 |    95 ||   254
 Cast: Corona            |     1 |       |       ||     1
       Ensorcelled Hiber |     3 |     7 |     7 ||    17
       Confuse           |       |     1 |     4 ||     5
  Use: Potion            |       |     8 |     4 ||    12
       Scroll            |       |     5 |     7 ||    12
 Stab: Sleeping          |    10 |    17 |     5 ||    32
       Confused          |       |     1 |     2 ||     3
  Eat: Pizza             |       |     1 |       ||     1
       Chunk             |       |     5 |     2 ||     7
